 Dungeon Crawl Stone Soup version 0.29-a0-284-gf9362112df (webtiles) character file.

Game seed: 13502916120641231765

6855 being54 the Covert (level 10, -2/45 HPs)
             Began as a Spriggan Enchanter on Mar 22, 2022.
             Was a Priest of Dithmenos.
             Killed by divine providence
             ... invoked by an orc priest
              (16 damage)
             ... on level 10 of the Dungeon.
             The game lasted 00:38:40 (11127 turns).

being54 the Covert (Spriggan Enchanter)            Turns: 11127, Time: 00:38:40

Health: -2/45      AC: 13    Str:  4    XL:     10   Next: 78%
Magic:  21/21      EV: 28    Int: 17    God:    Dithmenos [***...]
Gold:   437        SH:  0    Dex: 18    Spells: 12/23 levels left

rFire   . . .      SeeInvis +   s - +4 dagger (venom)
rCold   . . .      Faith    .   (no shield)
rNeg    . . .      Spirit   .   t - +1 steam dragon scales
rPois   .          Reflect  .   z - +2 hat
rElec   .          Harm     .   i - +0 cloak
rCorr   .          Rampage  .   (gloves unavailable)
Will    +....                   (boots unavailable)
Stlth   +++++++...              (no amulet)
HPRegen 0.15/turn               e - +4 ring of evasion
MPRegen 0.17/turn               n - +4 ring of protection

@: wreathed by umbra, invisible, very quick
A: very small, no large weapons, unfitting armour, see invisible, speed 3,
clumsy 1, frail 1
a: Renounce Religion, Shadow Step


You were on level 10 of the Dungeon.
You worshipped Dithmenos.
Dithmenos was most pleased with you.
You visited 2 branches of the dungeon, and saw 11 of its levels.
You also visited: Sewer.

You collected 437 gold pieces.

Inventory:

Hand Weapons
 s - a +4 dagger of venom (weapon)
Missiles
 d - 41 poisoned darts (quivered)
Armour
 i - a +0 cloak (worn)
 t - +1 steam dragon scales (worn)
 z - a +2 hat (worn)
Jewellery
 e - a +4 ring of evasion (left hand)
 n - a +4 ring of protection (right hand)
 w - a +6 ring of dexterity
Wands
 a - a wand of acid (15)
 h - a wand of polymorph (10)
 q - a wand of flame (24)
 u - a wand of paralysis (3)
 y - a wand of iceblast (3)
Scrolls
 k - a scroll of fog
 o - 2 scrolls of teleportation
Potions
 b - a potion of berserk rage
 c - 2 potions of invisibility
 f - 3 potions of might
 g - 2 potions of heal wounds
 j - a potion of attraction
 l - 3 potions of curing
 m - a potion of cancellation
 p - 4 potions of flight
 r - a potion of haste
 x - a potion of magic {unknown}


   Skills:
 - Level 5.0 Fighting
 - Level 5.0 Short Blades
 - Level 10.0 Dodging
 * Level 11.9 Stealth
 - Level 7.0 Spellcasting
 - Level 10.0 Hexes
 - Level 3.0 Ice Magic
 + Level 2.7 Invocations


You had 12 spell levels left.
You knew the following spells:

 Your Spells              Type           Power      Damage    Failure   Level
a - Ensorcelled Hibernat  Hex/Ice        56%        N/A       1%          2
b - Confusing Touch       Hex            39%        N/A       1%          3
c - Tukima's Dance        Hex            39%        N/A       1%          3
d - Dazzling Flash        Conj/Hex       44%        N/A       4%          3

Your spell library contained the following spells:

 Spells                   Type           Power      Damage    Failure   Level
 Ozocubu's Armour         Ice            16%        N/A       10%         3
 Sublimation of Blood     Necr           5%         N/A       17%         2
 Wereblood                Tmut           5%         N/A       17%         2
 Metabolic Englaciation   Hex/Ice        14%        N/A       22%         5
 Petrify                  Tmut/Erth      5%         N/A       75%         4
 Irradiate                Conj/Tmut      2%         3d14      97%         5
 Simulacrum               Ice/Necr       5%         N/A       100%        6
 Summon Hydra             Summ           2%         N/A       100%        7


Dungeon Overview and Level Annotations

Branches:
Dungeon (10/15)            Temple (1/1) D:4            Lair (0/6) D:8
  Sewer (visited)
    Orc: D:9-12

Altars:
Ashenzari
Cheibriados
Dithmenos
Elyvilon
Fedhas
Gozag
Hepliaklqana
Kikubaaqudgha
Makhleb
Nemelex Xobeh
Okawaru
Qazlal
Ru
Sif Muna
Trog
Uskayaw
Vehumet
Wu Jian
Xom
Yredelemnul
Zin
The Shining One

Shops:
D:2 !   D:3 (   D:5 *


Innate Abilities, Weirdness & Mutations

You are very small and have problems with some larger weapons.
You are too small for most types of armour.
You have supernaturally acute eyesight. (SInv)
You cover ground extremely quickly. (Speed+++)
You are clumsy. (Dex -2)
You are frail. (-10% HP)


Message History

* * * LOW HITPOINT WARNING * * *
The yak bellows!
You feel much better.
The barbed spikes dig painfully into your body as you move.
* * * LOW HITPOINT WARNING * * *
You fade into invisibility!
You carefully extract the barbed spikes from your body.
An acid dragon comes into view.
A yak comes into view.
The acid dragon roars!
The yak bellows!
A yak comes into view.
You hear a shout!
You start resting.
A yak is nearby!
You start resting.
An orc wizard comes into view. It is wielding a +0 dagger.
You hit the orc wizard.
The orc wizard is poisoned.
You punch the orc wizard.
The orc wizard is moderately wounded.
The orc wizard misses you.
The yak bellows!
You hit the orc wizard.
The orc wizard looks as sick as possible!
The orc wizard is moderately wounded.
You hear a bellow!
You hit the orc wizard.
The orc wizard looks as sick as possible!
The orc wizard is heavily wounded.
An orc priest comes into view. It is wielding a +0 mace.
An orc comes into view. It is wielding a +0 falchion.
The orc wizard closely misses you.
The orc shouts!
You hit the orc wizard but do no damage.
The orc wizard is almost dead.
The orc wizard barely misses you.
You hit the orc wizard.
You kill the orc wizard!
Dithmenos accepts your kill.
There are monsters nearby!
The orc priest invokes the aid of Beogh against you.
Beogh smites you!
You die...

##########
########.@.......
....(..<)########
####.....#
#........
#...........
#.............
#.o...........
#.............
.=............


You could see an orc priest (can't see you).

Vanquished Creatures
  2 two-headed ogres
  Joseph (D:7)
  Prince Ribbit (D:7)
  A hornet (D:6)
  4 steam dragons
  3 wargs (D:8)
  2 water moccasins (D:6)
  Menkaure (D:4)
  Duvessa (D:7)
  An ice beast (D:7)
  An orc warrior (D:5)
  3 sky beasts
  A black bear (D:6)
  3 centaurs
  A phantom (D:3)
  6 kobold brigands
  A necrophage (D:7)
  2 scorpions (D:6)
  6 wights
  Dowan (D:7)
  8 killer bees (D:9)
  3 howler monkeys
  5 hounds
  2 jellies
  7 orc priests
  10 orc wizards
  Natasha (thrice) (D:4)
  4 gnolls (D:4)
  4 river rats (Sewer)
  11 adders
  2 shadow imps
  2 white imps
  An ufetubus (D:5)
  2 worms
  4 dart slugs
  20 orcs
  8 endoplasms
  10 giant cockroaches
  9 goblins
  9 hobgoblins
  4 jackals
  31 kobolds
  4 quokkas
  8 ball pythons
  5 bats
  5 frilled lizards
  9 rats
232 creatures vanquished.

Vanquished Creatures (collateral kills)
  6 wights
  A white imp (D:8)
  2 orcs (D:8)
9 creatures vanquished.

Vanquished Creatures (others)
  2 dancing weapons (D:6)
  A shadow imp (D:8)
  4 plants
7 creatures vanquished.

Grand Total: 248 creatures vanquished

Notes
Turn   | Place    | Note
-------+----------+-------------------------------------------
     0 | D:1      | being54 the Spriggan Enchanter began the quest for the Orb.
     0 | D:1      | Reached XP level 1. HP: 9/9 MP: 5/5
   210 | D:1      | Reached skill level 5 in Stealth
   282 | D:1      | Reached XP level 2. HP: 13/13 MP: 6/6
   285 | D:1      | Learned a level 2 spell: Ensorcelled Hibernation
   287 | D:1      | Gained mutation: Your body sometimes deteriorates upon
                  | taking damage. [potion of mutation]
   287 | D:1      | Gained mutation: You have a pair of small antennae on your
                  | head. [potion of mutation]
   287 | D:1      | Gained mutation: You are frail. (-10% HP) [potion of
                  | mutation]
   287 | D:1      | Lost mutation: You are frail. (-10% HP) [potion of
                  | mutation]
   938 | D:1      | Found a faded altar of an unknown god.
   968 | D:1      | Reached skill level 6 in Stealth
  1465 | D:2      | Reached XP level 3. HP: 16/16 MP: 8/8
  1912 | D:2      | Reached skill level 7 in Stealth
  1938 | D:2      | Learned a level 3 spell: Confusing Touch
  2125 | D:2      | Found a blossoming altar of Fedhas.
  2304 | D:2      | Reached XP level 4. HP: 21/21 MP: 9/9
  2461 | D:2      | Found Laotoish's Distillery.
  2851 | D:3      | Noticed a phantom
  2858 | D:3      | Killed a phantom
  2859 | D:3      | Reached XP level 5. HP: 24/24 MP: 10/12
  3112 | D:3      | Reached skill level 5 in Hexes
  3235 | D:3      | Found Ganonkom's Weapon Boutique.
  3483 | D:4      | Found a glowing drain.
  3501 | Sewer    | Entered a sewer
  3963 | Sewer    | Reached skill level 5 in Spellcasting
  3963 | Sewer    | Reached XP level 6. HP: 28/28 MP: 2/14
  4759 | D:4      | Found a staircase to the Ecumenical Temple.
  4760 | D:4      | Noticed Menkaure
  4768 | Temple   | Entered the Ecumenical Temple
  4963 | Temple   | Became a worshipper of Dithmenos the Shadowed
  5116 | D:4      | Killed Menkaure
  5230 | D:4      | Reached XP level 7. HP: 29/32 MP: 12/17
  5509 | D:4      | Noticed Natasha
  5512 | D:4      | Killed Natasha
  5605 | D:4      | Noticed Natasha
  5608 | D:4      | Killed Natasha
  5786 | D:4      | Noticed Natasha
  5790 | D:4      | Killed Natasha
  5817 | D:5      | Entered Level 5 of the Dungeon
  5826 | D:5      | Reached * piety under Dithmenos
  5898 | D:5      | Learned a level 3 spell: Tukima's Dance
  5902 | D:5      | Learned a level 3 spell: Dazzling Flash
  5968 | D:5      | Reached skill level 1 in Ice Magic
  6075 | D:5      | Reached skill level 5 in Dodging
  6227 | D:5      | Reached XP level 8. HP: 20/36 MP: 16/19
  6703 | D:5      | Found Qajoomm's General Store.
  6837 | D:6      | Lost mutation: Your body sometimes deteriorates upon taking
                  | damage. [potion of mutation]
  6837 | D:6      | Lost mutation: You have a pair of small antennae on your
                  | head. [potion of mutation]
  6837 | D:6      | Gained mutation: You tend to lose your temper in combat.
                  | [potion of mutation]
  6837 | D:6      | Gained mutation: You occasionally shout uncontrollably at
                  | your foes. [potion of mutation]
  6837 | D:6      | Lost mutation: You tend to lose your temper in combat.
                  | [potion of mutation]
  7060 | D:6      | Noticed a two-headed ogre
  7072 | D:6      | HP: 1/35 [wight/+3 trident (2)]
  7133 | D:6      | Killed a two-headed ogre
  7133 | D:6      | Reached ** piety under Dithmenos
  7148 | D:6      | Reached skill level 5 in Short Blades
  7148 | D:6      | Reached XP level 9. HP: 41/43 MP: 15/20
  7627 | D:6      | Reached skill level 5 in Fighting
  8121 | D:7      | Found an opulent altar of Gozag.
  8211 | D:7      | Noticed Joseph
  8221 | D:7      | Killed Joseph
  8222 | D:7      | Reached skill level 8 in Stealth
  8286 | D:7      | Reached skill level 9 in Stealth
  8468 | D:7      | Lost mutation: You occasionally shout uncontrollably at
                  | your foes. [potion of mutation]
  8468 | D:7      | Gained mutation: You are frail. (-10% HP) [potion of
                  | mutation]
  8468 | D:7      | Gained mutation: You are clumsy. (Dex -2) [potion of
                  | mutation]
  8547 | D:7      | Noticed Duvessa
  8548 | D:7      | Noticed Dowan
  8555 | D:7      | Killed Duvessa
  8555 | D:7      | Noticed Prince Ribbit
  8783 | D:7      | Killed Dowan
  8788 | D:7      | Killed Prince Ribbit
  8789 | D:7      | Reached skill level 10 in Stealth
  8789 | D:7      | Reached XP level 10. HP: 30/45 MP: 3/21
  9204 | D:8      | Found a staircase to the Lair.
  9745 | D:8      | Reached *** piety under Dithmenos
  9995 | D:8      | Reached skill level 10 in Dodging
 10434 | D:9      | Reached skill level 10 in Hexes
 10447 | D:9      | Noticed a two-headed ogre
 10458 | D:9      | Reached skill level 1 in Invocations
 10505 | D:8      | Killed a two-headed ogre
 10506 | D:8      | Reached skill level 11 in Stealth
 11056 | D:9      | Noticed a six-headed hydra
 11059 | D:9      | Noticed a manticore
 11067 | D:9      | Noticed a rust devil
 11078 | D:10     | Entered Level 10 of the Dungeon
 11079 | D:10     | HP: 1/45 [barbs]
 11127 | D:10     | Killed from afar by an orc priest

Illustrated notes

Levels and vault maps discovered:
D:1:      eino_arrival_cavern_c, layout_basic,
          hellmonk_ecumenical_altar_leap_of_faith, serial_glass,
          glass_columns_a, glass_columns_b,
          nicolae_concentric_dashed_squares_mild, st_stairs_12
D:2:      layout_basic, basic_altar, serial_shops, shop, chequers_hall_statues_y
D:3:      layout_basic, serial_shops, shop, nicolae_underground_beach
D:4:      layout_loops_cross, temple_fountains, gup_sewer_entry_pipe,
          uniq_menkaure, uniq_natasha
D:5:      layout_rooms, serial_shops, kennysheep_mini_moat, dk_noncrumbling_2
D:6:      layout_loops_ring
D:7:      layout_basic, mainiacjoe_overflow_concentric_impassable,
          uniq_prince_ribbit1, uniq_joseph, uniq_duvessa
D:8:      layout_rooms, erik_lair_orcish_takeover
D:9:      layout_rooms, minmay_radiant
D:10:     layout_rooms
Temple:   mainiacjoe_temple_circle_huts

Skill      XL: |  1  2  3  4  5  6  7  8  9 10 |
---------------+-------------------------------+-----
Stealth        | 5 6 7 10 11 | 11.9
Spellcasting   | 3 4 5 6 7 |  7.0
Hexes          | 4 5 6 7 8 10 | 10.0
Dodging        | 5 7 8 10 | 10.0
Ice Magic      | 1 3 |  3.0
Fighting       | 2 5 |  5.0
Short Blades   | 5 |  5.0
Invocations    | 2 |  2.7

Action                   |  1- 3 |  4- 6 |  7- 9 | 10-12 || total
-------------------------+-------+-------+-------+-------++-------
Melee: Dagger            |    96 |   168 |   216 |   196 ||   676
       Punch             |       |     3 |     3 |     4 ||    10
Throw: Dart              |       |       |       |     2 ||     2
 Cast: Ensorcelled Hiber |    10 |    20 |    61 |    66 ||   157
       Confusing Touch   |       |     1 |       |       ||     1
       Tukima's Dance    |       |       |    11 |     9 ||    20
  Use: Scroll            |     4 |     2 |    11 |     4 ||    21
       Potion            |     2 |       |     5 |     3 ||    10
 Stab: Sleeping          |    24 |    27 |    40 |    33 ||   124
       Distracted        |     1 |       |       |     3 ||     4
       Confused          |       |     1 |       |       ||     1
       Invisible         |       |       |     1 |       ||     1
Armor: Robe              |     5 |    19 |    17 |       ||    41
       Steam dragon scal |       |       |     4 |    20 ||    24
Dodge: Dodged            |    50 |   135 |   250 |   221 ||   656

Table legend: (Time is in decaauts)
 A = Elapsed time spent in this place.
 B = Non-inter-level travel time spent in this place.
 C = Inter-level travel time spent in this place.
 D = Time resting spent in this place.
 E = Time spent auto-exploring this place.
 F = Levels seen in this place.
 G = Mean time per level.
                   A        B        C        D        E       F      G
               +--------+--------+--------+--------+--------+-----+--------+
         Total |   8894 |   8463 |    431 |   1658 |   5141 |  12 |  741.2 |
       Dungeon |   7576 |   7167 |    409 |   1510 |   4209 |  10 |  757.6 |
        Temple |    205 |    183 |     22 |      0 |    169 |   1 |  205.0 |
         Sewer |   1112 |   1112 |      0 |    148 |    763 |   1 | 1112.0 |
               +--------+--------+--------+--------+--------+-----+--------+

Top non-repeatable levels by time:
     D:8: 1374 daAuts
   Sewer: 1112 daAuts
     D:1: 1099 daAuts
     D:2: 936 daAuts
     D:6: 913 daAuts
     D:7: 774 daAuts
     D:5: 718 daAuts
     D:4: 681 daAuts
     D:3: 668 daAuts
     D:9: 362 daAuts
  Temple: 205 daAuts
    D:10: 46 daAuts
